 Dungeon Crawl Stone Soup version 0.30-a0-568-g124715a40b (webtiles) character file.

Game seed: 13588494376223861808

372 wormed the Ducker (level 6, -3/53 HPs)
             Began as a Gnoll Monk on Dec 28, 2022.
             Was an Elder of Elyvilon.
             Slain by a mummy (5 damage)
             ... in an ossuary.
             The game lasted 00:06:16 (3354 turns).

wormed the Ducker (Gnoll Monk)                      Turns: 3354, Time: 00:06:17

Health: -3/53      AC:  5    Str: 16    XL:     6   Next: 71%
Magic:  9/9        EV: 15    Int: 10    God:    Elyvilon [****..]
Gold:   151        SH:  0    Dex: 16    Spells: 9/9 levels left

rFire   . . .      SeeInvis .    a - +0 falchion
rCold   . . .      Faith    .    (no shield)
rNeg    . . .      Spirit   .    u - +2 animal skin
rPois   +          Reflect  .    t - +0 helmet
rElec   .          Harm     .    (no cloak)
rCorr   .          Rampage  .    (no gloves)
Will    .....                    (no boots)
Stlth   +++                      (no amulet)
HPRegen 0.28/turn                d - +6 ring of strength
MPRegen 0.11/turn                g - ring of poison resistance

@: mighty
A: fangs 1, strong nose, distributed training
a: Renounce Religion, Purification, Heal Other, Heal Self


You were in an ossuary.
You worshipped Elyvilon.
Elyvilon was greatly pleased with you.
You visited 1 branch of the dungeon, and saw 4 of its levels.
You also visited: Ossuary.

You collected 151 gold pieces.

Inventory:

Hand Weapons
 a - a +0 falchion (weapon)
Missiles
 r - 7 poisoned darts (quivered)
Armour
 t - a +0 helmet (worn)
 u - a +2 animal skin (worn)
Jewellery
 d - a +6 ring of strength (left hand)
 e - a ring of magical power
 g - a ring of poison resistance (right hand)
 s - a ring of ice
 y - a ring of magical power
Scrolls
 b - a scroll of vulnerability {unknown}
 h - 3 scrolls of identify {unknown}
 i - 2 scrolls of fog {unknown}
 k - a scroll of torment {unknown}
 m - 2 scrolls of enchant weapon {unknown}
 p - 3 scrolls of enchant armour {unknown}
 q - 3 scrolls of noise {unknown}
 v - a scroll of teleportation {unknown}
 w - a scroll of poison {unknown}
Potions
 c - a potion of ambrosia
 f - 2 potions of attraction {unknown}
 j - a potion of haste {unknown}
 l - a potion of heal wounds {unknown}
 n - a potion of flight {unknown}
 o - a potion of might
 x - a potion of brilliance {unknown}


   Skills:
 + Level 6.9 Fighting
 + Level 2.1 Short Blades
 + Level 6.9 Long Blades
 + Level 2.1 Axes
 + Level 2.1 Maces & Flails
 + Level 2.1 Polearms
 + Level 2.1 Staves
 + Level 2.1 Ranged Weapons
 + Level 2.1 Throwing
 + Level 2.1 Armour
 + Level 6.9 Dodging
 + Level 4.7 Stealth
 + Level 2.1 Shields
 + Level 2.1 Unarmed Combat
 + Level 2.1 Spellcasting
 + Level 1.7 Conjurations
 + Level 1.7 Hexes
 + Level 1.7 Summonings
 + Level 1.7 Necromancy
 + Level 1.7 Translocations
 + Level 1.7 Transmutations
 + Level 1.7 Fire Magic
 + Level 1.7 Ice Magic
 + Level 1.7 Air Magic
 + Level 1.7 Earth Magic
 + Level 1.7 Poison Magic
 + Level 2.4 Invocations
 + Level 2.1 Evocations


You had 9 spell levels left.
You didn't know any spells.
Your spell library contained the following spells:

 Spells                   Type           Power      Damage    Failure   Level
 Summon Small Mammal      Summ           16%        N/A       16%         1
 Call Canine Familiar     Summ           4%         N/A       41%         3
 Hailstorm                Conj/Ice       4%         3d4       41%         3
 Summon Guardian Golem    Hex/Summ       4%         N/A       41%         3
 Ice Form                 Ice/Tmut       4%         N/A       83%         4
 Simulacrum               Ice/Necr       2%         N/A       100%        6


Dungeon Overview and Level Annotations

Branches:
Dungeon (4/15)            Ossuary (1/1)
 Temple: D:4-7

Altars:
Elyvilon

Shops:
D:3 :


Innate Abilities, Weirdness & Mutations

You have very sharp teeth.
Your uncanny sense of smell can sniff out nearby items.
Your experience applies equally to all skills.


Message History

The mummy misses you. The mummy hits you! The mummy closely misses you.
You are too injured to fight recklessly!
You are too injured to fight recklessly!
You are too injured to fight recklessly!
You are too injured to fight recklessly!
You are too injured to fight recklessly!
You are too injured to fight recklessly!
You are too injured to fight recklessly!
You are too injured to fight recklessly!
You are too injured to fight recklessly!
You are too injured to fight recklessly!
You are too injured to fight recklessly!
You are too injured to fight recklessly!
You are too injured to fight recklessly!
You are too injured to fight recklessly!
You are too injured to fight recklessly!
You are too injured to fight recklessly!
You are too injured to fight recklessly!
You are too injured to fight recklessly!
You are too injured to fight recklessly!
You are too injured to fight recklessly!
You are too injured to fight recklessly!
You hit the mummy but do no damage.
The mummy is heavily damaged.
You hit the mummy.
The mummy is severely damaged.
The mummy hits you! Elyvilon protects you from harm!
The mummy barely misses you. x2
You hit the mummy.
The mummy is almost destroyed.
You slash the mummy!
You destroy the mummy!
The mummy hits you!
* * * LOW HITPOINT WARNING * * *
The mummy barely misses you.
It was a potion of might.
You feel very mighty all of a sudden. The mummy hits you.
You die...

#######
#.#.#.#
#..M..#
#M@.#
#.∩.#
#...#
#.∩.#
#...#
##+##


You could see 2 mummies.

Vanquished Creatures
  An ogre (D:4)
  An elf zombie (D:4)
  A human zombie (D:4)
  An iguana (D:4)
  A human skeleton (D:4)
  A mummy (Ossuary)
  Robin (D:2)
  3 adders
  A gnoll (D:1)
  3 worms
  A dart slug (D:3)
  12 ball pythons
  3 bats
  5 endoplasms
  A giant cockroach (D:3)
  14 goblins
  7 hobgoblins
  4 quokkas
  2 frilled lizards
  9 kobolds
  3 rats
75 creatures vanquished.

Notes
Turn   | Place    | Note
-------+----------+-------------------------------------------
     0 | D:1      | wormed the Gnoll Monk began the quest for the Orb.
     0 | D:1      | Reached XP level 1. HP: 23/23 MP: 1/1
   233 | D:1      | Reached XP level 2. HP: 29/29 MP: 2/2
   374 | D:1      | Found a faded altar of an unknown god.
   391 | D:1      | Prayed at the altar of an unknown god.
   391 | D:1      | Became a worshipper of Elyvilon the Healer
   391 | D:1      | Reached * piety under Elyvilon
   391 | D:1      | Reached ** piety under Elyvilon
  1037 | D:2      | Noticed Robin
  1059 | D:2      | Reached *** piety under Elyvilon
  1096 | D:2      | Reached XP level 3. HP: 35/35 MP: 3/3
  1314 | D:2      | Reached skill level 1 in Invocations
  1341 | D:2      | Reached skill level 1 in Short Blades
  1341 | D:2      | Reached skill level 1 in Axes
  1341 | D:2      | Reached skill level 1 in Maces & Flails
  1341 | D:2      | Reached skill level 1 in Polearms
  1341 | D:2      | Reached skill level 1 in Staves
  1341 | D:2      | Reached skill level 1 in Ranged Weapons
  1341 | D:2      | Reached skill level 1 in Throwing
  1341 | D:2      | Reached skill level 1 in Armour
  1341 | D:2      | Reached skill level 1 in Shields
  1341 | D:2      | Reached skill level 1 in Unarmed Combat
  1341 | D:2      | Reached skill level 1 in Spellcasting
  1341 | D:2      | Reached skill level 1 in Evocations
  1464 | D:2      | Killed Robin
  1465 | D:2      | Reached XP level 4. HP: 28/41 MP: 5/5
  1820 | D:3      | Reached skill level 1 in Conjurations
  1820 | D:3      | Reached skill level 1 in Hexes
  1820 | D:3      | Reached skill level 1 in Summonings
  1820 | D:3      | Reached skill level 1 in Necromancy
  1820 | D:3      | Reached skill level 1 in Translocations
  1820 | D:3      | Reached skill level 1 in Transmutations
  1820 | D:3      | Reached skill level 1 in Fire Magic
  1820 | D:3      | Reached skill level 1 in Ice Magic
  1820 | D:3      | Reached skill level 1 in Air Magic
  1820 | D:3      | Reached skill level 1 in Earth Magic
  1820 | D:3      | Reached skill level 1 in Poison Magic
  1968 | D:3      | Reached **** piety under Elyvilon
  2103 | D:3      | Found Pelam's Book Shoppe.
  2848 | D:4      | Reached XP level 5. HP: 47/47 MP: 7/7
  3034 | D:4      | Noticed an ogre
  3044 | D:4      | Killed an ogre
  3045 | D:4      | Reached XP level 6. HP: 52/53 MP: 8/8
  3324 | D:4      | Found a sand-covered staircase.
  3342 | Ossuary  | Entered an ossuary
  3351 | Ossuary  | Elyvilon protects you from harm!
  3353 | Ossuary  | HP: 2/53 [mummy (15)]
  3354 | Ossuary  | Slain by a mummy

Illustrated notes

Levels and vault maps discovered:
D:1:      dpeg_arrival_three_smaller_balls, layout_loops_ring,
          shapermc_ecumenical_altar_totnotflames,
          nicolae_concentric_dashed_squares_mild
D:2:      layout_basic, uniq_robin
D:3:      layout_loops_ring, serial_shops, nicolae_shop_statue_plus
D:4:      layout_loops_ring, nicolae_ossuary_entry_catacombs
Ossuary:  ossuary_minmay_chase

Skill      XL: |  1  2  3  4  5  6 |
---------------+-------------------+-----
Invocations    | 1 2 |  2.4
Short Blades   | 1 2 |  2.1
Axes           | 1 2 |  2.1
Maces & Flails | 1 2 |  2.1
Polearms       | 1 2 |  2.1
Staves         | 1 2 |  2.1
Ranged Weapons | 1 2 |  2.1
Throwing       | 1 2 |  2.1
Armour         | 1 2 |  2.1
Shields        | 1 2 |  2.1
Unarmed Combat | 1 2 |  2.1
Spellcasting   | 1 2 |  2.1
Evocations     | 1 2 |  2.1
Conjurations   | 1 |  1.7
Hexes          | 1 |  1.7
Summonings     | 1 |  1.7
Necromancy     | 1 |  1.7
Translocations | 1 |  1.7
Transmutations | 1 |  1.7
Fire Magic     | 1 |  1.7
Ice Magic      | 1 |  1.7
Air Magic      | 1 |  1.7
Earth Magic    | 1 |  1.7
Poison Magic   | 1 |  1.7
Fighting       | |  6.9
Long Blades    | |  6.9
Dodging        | |  6.9
Stealth        | |  4.7

Action                   |  1- 3 |  4- 6 || total
-------------------------+-------+-------++-------
Melee: Falchion          |    90 |   188 ||   278
       Bite              |     3 |    18 ||    21
       Punch             |       |     4 ||     4
Throw: Dart              |       |     5 ||     5
  Use: Potion            |       |     1 ||     1
 Stab: Sleeping          |     4 |     8 ||    12
Armor: Robe              |     7 |       ||     7
       Leather armour    |    14 |    10 ||    24
       Animal skin       |       |    23 ||    23
Dodge: Dodged            |    80 |   118 ||   198

Table legend: (Time is in decaauts)
 A = Elapsed time spent in this place.
 B = Non-inter-level travel time spent in this place.
 C = Inter-level travel time spent in this place.
 D = Time resting spent in this place.
 E = Time spent auto-exploring this place.
 F = Levels seen in this place.
 G = Mean time per level.
                   A        B        C        D        E       F      G
               +--------+--------+--------+--------+--------+-----+--------+
         Total |   3350 |   2981 |    369 |      0 |   2237 |   5 |  670.0 |
       Dungeon |   3339 |   2970 |    369 |      0 |   2237 |   4 |  834.8 |
       Ossuary |     11 |     11 |      0 |      0 |      0 |   1 |   11.0 |
               +--------+--------+--------+--------+--------+-----+--------+

Top non-repeatable levels by time:
     D:1: 1149 daAuts
     D:2: 838 daAuts
     D:3: 794 daAuts
     D:4: 556 daAuts
 Ossuary: 11 daAuts
